[Event "Titled Tuesday Blitz October 19 2021"]
[White "Durarbayli, Vasif"]
[Black "Nozdrachev, Leonid"]
[WhiteFideId "13402935"]
[BlackFideId "24113433"]
[WhiteElo "2522"]
[BlackElo "2124"]
[Result "1-0"]
[Round "09"]
[TimeControl "180+1"]
[Date "2021.10.19"]
[WhiteClock "0:00:28"]
[BlackClock "0:00:01"]

1. e4 c6 2. Nc3 d5 3. Nf3 dxe4 4. Nxe4 Nf6 5. Qe2 Nxe4 6. Qxe4 Qd5 7. Qf4 Qf5 8. Qe3 Nd7 9. Bd3 Qh5 10. b3 Nc5 11. Be2 e6 12. Bb2 Qg6 13. O-O-O Be7 14. Ne5 Qe4 15. Bh5 O-O 16. Qg3 Qh4 17. Nxc6 Bg5 18. Ne7+ Kh8 19. Qe5 Bf6 20. Qxc5 Bxe7 21. Qd4 Bf6 22. Qxh4 Bxh4 23. g3 Bf6 24. Bxf6 gxf6 25. Bf3 Rb8 26. Rhe1 Bd7 27. d4 Bc6 28. d5 Bxd5 29. Bxd5 exd5 30. Rxd5 Rfe8 31. Rxe8+ Rxe8 32. Kd2 Re7 33. a4 Kg7 34. a5 Kg6 35. c4 f5 36. b4 Kg5 37. Rd4 Rc7 38. Kd3 Kf6 39. b5 Rc5 40. Kc3 1-0


[Site "https://www.chess.com"]

[Event "Titled Tuesday Blitz October 19 2021"]
[White "Erdogdu, Mert"]
[Black "Bortnyk, Olexandr"]
[WhiteFideId "6301495"]
[BlackFideId "14120828"]
[WhiteElo "2485"]
[BlackElo "2723"]
[Result "0-1"]
[Round "09"]
[TimeControl "180+1"]
[Date "2021.10.19"]
[WhiteClock "0:01:02"]
[BlackClock "0:00:41"]

1. e4 Nf6 2. e5 Nd5 3. c4 Nb6 4. d4 d6 5. exd6 exd6 6. Nc3 Be7 7. Bd3 O-O 8. Nf3 Bg4 9. h3 Bh5 10. O-O Nc6 11. Be3 Bf6 12. c5 dxc5 13. dxc5 Bxf3 14. gxf3 Nd7 15. Nd5 Nde5 16. Be2 Ng6 17. f4 Bxb2 18. Rb1 Bd4 19. Bxd4 Qxd5 20. Be3 Qf5 21. Bg4 Qf6 22. Rxb7 Nxf4 23. Rxc7 Ne5 24. Kh2 Rad8 25. Qb3 Nxg4+ 26. hxg4 Qh4+ 0-1


[Site "https://www.chess.com"]

[Event "Titled Tuesday Blitz October 19 2021"]
[White "Gurvich, Vitaly"]
[Black "Timmermans, Mark"]
[WhiteFideId "24164852"]
[BlackFideId "1026399"]
[WhiteElo "2275"]
[BlackElo "2460"]
[Result "1-0"]
[Round "09"]
[TimeControl "180+1"]
[Date "2021.10.19"]
[WhiteClock "0:01:02"]
[BlackClock "0:00:22"]

1. e4 e5 2. Nf3 Nc6 3. Bb5 a6 4. Bxc6 dxc6 5. Nc3 Bd6 6. d4 Bg4 7. dxe5 Bxf3 8. Qxf3 Bxe5 9. Bf4 Qf6 10. Bxe5 Qxe5 11. Qg4 Ne7 12. O-O-O O-O 13. Rd7 Ng6 14. g3 Rac8 15. f4 Qc5 16. Rhd1 f5 17. exf5 Qxf5 18. Qxf5 Rxf5 19. Ne4 h6 20. Rd8+ Rf8 21. Rxc8 Rxc8 22. Nc5 b6 23. Nxa6 Nf8 24. Nb4 c5 25. Nc6 Kf7 26. Re1 Re8 27. Ne5+ Kg8 28. Kd2 Rd8+ 29. Kc3 Ra8 30. a3 Ne6 31. Nc6 Kf7 32. Kc4 Nd4 33. Re7+ Kf6 34. Rxc7 Ra4+ 35. Kd3 Ne6 36. Rb7 g5 37. Rxb6 Kf5 38. Ne7+ Kf6 39. Nd5+ Kf5 40. Ne3+ Kf6 41. f5 1-0


[Site "https://www.chess.com"]

[Event "Titled Tuesday Blitz October 19 2021"]
[White "Harshavardhan G B"]
[Black "Sethuraman, S.P."]
[WhiteFideId "25059009"]
[BlackFideId "5021596"]
[WhiteElo "1825"]
[BlackElo "2477"]
[Result "0-1"]
[Round "09"]
[TimeControl "180+1"]
[Date "2021.10.19"]
[WhiteClock "0:00:01"]
[BlackClock "0:00:04"]

1. d4 Nf6 2. c4 e6 3. Nf3 d5 4. Nc3 Bb4 5. cxd5 exd5 6. Bg5 h6 7. Bh4 c5 8. e3 O-O 9. Bd3 c4 10. Bc2 Nbd7 11. O-O Qa5 12. Rc1 Bxc3 13. bxc3 Re8 14. Nd2 b5 15. Re1 Bb7 16. f3 Re7 17. Bb1 Rae8 18. e4 g5 19. Bg3 dxe4 20. fxe4 Nxe4 21. Nxe4 Bxe4 22. Rxe4 Rxe4 23. Qf3 R4e6 24. Qf5 Nf8 25. Rf1 R8e7 26. d5 Rg6 27. d6 Qb6+ 28. Kh1 Rxd6 29. Bxd6 Qxd6 30. Qxb5 Qf4 31. Rg1 Re3 32. Qb4 Ne6 33. Qa4 Rxc3 34. Qxa7 Re3 35. Qa8+ Kg7 36. Qc6 c3 37. a4 Qe5 38. Qc4 Re2 39. Qd3 Kf8 40. a5 Nf4 41. Qd8+ Kg7 42. a6 c2 0-1


[Site "https://www.chess.com"]

[Event "Titled Tuesday Blitz October 19 2021"]
[White "Hjartarson, Johann"]
[Black "Mikhalevski, Victor"]
[WhiteFideId "2300044"]
[BlackFideId "2801914"]
[WhiteElo "2502"]
[BlackElo "2577"]
[Result "0-1"]
[Round "09"]
[TimeControl "180+1"]
[Date "2021.10.19"]
[WhiteClock "0:00:01"]
[BlackClock "0:00:38"]

1. Nf3 Nf6 2. g3 g6 3. b4 e6 4. a3 b6 5. Bg2 Bb7 6. Bb2 c5 7. O-O cxb4 8. axb4 Bxb4 9. c4 O-O 10. Nc3 d5 11. cxd5 Nxd5 12. Ne4 Be7 13. Qb3 Nd7 14. h4 Nc5 15. Nxc5 Bxc5 16. e4 Nf6 17. d4 Be7 18. d5 exd5 19. exd5 Qxd5 20. Qe3 Rfe8 21. Rfe1 Bf8 22. Qc3 Bg7 23. Rad1 Qa2 24. Ra1 Qd5 25. Red1 Qh5 26. Qb3 Bd5 27. Qa3 Be4 28. Rd6 Nd5 29. Bxg7 Kxg7 30. Rd1 Rad8 31. Qa1+ Kg8 32. Rxd8 Rxd8 33. Qa3 Rc8 34. Kh2 Rc3 35. Qd6 Bxf3 0-1


[Site "https://www.chess.com"]

[Event "Titled Tuesday Blitz October 19 2021"]
[White "Ibarra Jerez, Jose Carlos"]
[Black "Gabrielian, Artur"]
[WhiteFideId "2226332"]
[BlackFideId "4131002"]
[WhiteElo "2626"]
[BlackElo "2489"]
[Result "1/2-1/2"]
[Round "09"]
[TimeControl "180+1"]
[Date "2021.10.19"]
[WhiteClock "0:00:04"]
[BlackClock "0:00:09"]

1. Nf3 Nf6 2. b3 g6 3. Bb2 Bg7 4. g3 O-O 5. Bg2 d6 6. d4 b5 7. O-O Bb7 8. Qd3 a6 9. Nbd2 Nbd7 10. c4 c5 11. d5 bxc4 12. bxc4 a5 13. Bc3 Ba6 14. e4 Rb8 15. Ne1 a4 16. Nc2 Qc7 17. h3 h5 18. f4 Ne8 19. Rae1 Bxc3 20. Qxc3 Ng7 21. g4 hxg4 22. hxg4 g5 23. e5 gxf4 24. exd6 Qxd6 25. Ne4 Qg6 26. Rxf4 f6 27. Ref1 Ne5 28. Nxc5 Bc8 29. Ne3 Nxg4 30. Be4 Qg5 31. Nxg4 Bxg4 32. Qg3 f5 33. Bxf5 Rxf5 34. Rxf5 Nxf5 35. Qxb8+ Kh7 36. Ne6 Qe3+ 37. Rf2 Qe1+ 38. Rf1 Qe3+ 39. Kh1 Bf3+ 40. Rxf3 Qxf3+ 41. Kg1 Qe3+ 42. Kg2 Qe2+ 43. Kg1 Qg4+ 44. Kf2 Qh4+ 45. Kf3 Qh3+ 46. Ke4 Nd6+ 47. Kd4 Qg4+ 48. Ke3 Nxc4+ 49. Kd3 Nd6 50. Qb2 Qf5+ 51. Kd2 Qf2+ 52. Kc3 Qf6+ 53. Kc2 Qf5+ 54. Kc1 Qf1+ 55. Kc2 Qe2+ 56. Kb1 Qd3+ 57. Qc2 Qxc2+ 58. Kxc2 Kg6 59. Kc3 Kf5 60. Nc5 Ke5 61. Nxa4 Kxd5 62. Kb4 Kc6 63. Nc3 e5 64. a4 e4 65. Nxe4 Nxe4 66. a5 Nc5 67. a6 Nxa6+ 1/2-1/2


[Site "https://www.chess.com"]

[Event "Titled Tuesday Blitz October 19 2021"]
[White "Jaracz, Pawel"]
[Black "Zhigalko, Sergei"]
[WhiteFideId "1102222"]
[BlackFideId "13502956"]
[WhiteElo "2495"]
[BlackElo "2662"]
[Result "0-1"]
[Round "09"]
[TimeControl "180+1"]
[Date "2021.10.19"]
[WhiteClock "0:00:02"]
[BlackClock "0:00:03"]

1. e4 c5 2. Nf3 Nc6 3. Bb5 Nf6 4. Bxc6 dxc6 5. d3 Bg4 6. Nbd2 Nd7 7. h3 Bh5 8. Nf1 e6 9. g4 Bg6 10. Ng3 Bd6 11. Rg1 c4 12. d4 Bxg3 13. Rxg3 Bxe4 14. Qe2 Bd5 15. Nd2 b5 16. Ne4 O-O 17. Bf4 Bxe4 18. Qxe4 Nf6 19. Qe5 Nd5 20. Bd2 Qb8 21. Qe4 a5 22. Kf1 b4 23. Kg2 Qb5 24. c3 c5 25. Rc1 cxd4 26. Qxd4 Rac8 27. Kh2 Rfd8 28. Qe4 Rc7 29. Rf3 b3 30. a3 Rcd7 31. Bg5 Nxc3 32. Qf4 f6 33. Bxf6 Nd5 34. Qg5 Rf8 35. Re1 Rxf6 36. Rxf6 Qb8+ 37. Re5 Nxf6 38. f4 Rd5 39. Rxd5 exd5 40. Qf5 Kh8 41. g5 Nh5 42. Qf7 Qxf4+ 0-1


[Site "https://www.chess.com"]

[Event "Titled Tuesday Blitz October 19 2021"]
[White "Kamsky, Gata"]
[Black "Ghimpu, Samuel-Timotei"]
[WhiteFideId "2000024"]
[BlackFideId "1238175"]
[WhiteElo "2603"]
[BlackElo "2012"]
[Result "1-0"]
[Round "09"]
[TimeControl "180+1"]
[Date "2021.10.19"]
[WhiteClock "0:00:13"]
[BlackClock "0:00:05"]

1. d4 Nf6 2. Nf3 d5 3. Bf4 Bg4 4. Ne5 Bf5 5. c4 e6 6. Nc3 c6 7. Qb3 Qc8 8. h3 Nbd7 9. e3 Be7 10. Be2 O-O 11. O-O Nxe5 12. Bxe5 Ne4 13. Nxe4 Bxe4 14. c5 Bd8 15. Qc3 Bc7 16. Bxc7 Qxc7 17. b4 a6 18. a4 Rfb8 19. b5 axb5 20. axb5 cxb5 21. Bxb5 h6 22. f3 Bg6 23. Rfc1 f6 24. Ra3 Be8 25. Bxe8 Rxe8 26. Rb1 Kh8 27. Rxa8 Rxa8 28. Qb3 Ra7 29. Qb6 Qxb6 30. Rxb6 e5 31. Rd6 exd4 32. exd4 Kg8 33. Rxd5 Ra2 34. Rd8+ Kh7 35. Rd7 Rd2 36. d5 Kg6 37. d6 Rd5 38. Rc7 Kf5 39. Rxg7 Rxc5 40. Rxb7 Rd5 41. d7 h5 42. Kf2 h4 43. Rb4 Kg5 44. Rg4+ Kh5 45. Rg7 Kh6 46. Re7 Kg6 47. Ke3 Kf5 48. Rg7 Rd6 49. Rg4 Rxd7 50. Rxh4 Ra7 51. Kf2 Ra2+ 52. Kg3 Ra3 53. Rh5+ Kg6 54. Rd5 Rb3 55. h4 Ra3 56. Kh3 Rb3 57. h5+ Kh6 58. Kg4 Rb4+ 59. f4 Rb6 60. Rd7 Ra6 61. g3 Rb6 62. Kf5 Ra6 63. Rf7 Ra5+ 64. Kxf6 Kxh5 65. Rh7+ Kg4 66. Rg7+ 1-0


[Site "https://www.chess.com"]

[Event "Titled Tuesday Blitz October 19 2021"]
[White "Khanin, Semen"]
[Black "Praggnanandhaa R"]
[WhiteFideId "4111990"]
[BlackFideId "25059530"]
[WhiteElo "2436"]
[BlackElo "2599"]
[Result "0-1"]
[Round "09"]
[TimeControl "180+1"]
[Date "2021.10.19"]
[WhiteClock "0:00:09"]
[BlackClock "0:00:15"]

1. e4 c5 2. c3 d6 3. d4 Nd7 4. Nf3 e6 5. Bd3 b6 6. O-O Bb7 7. Re1 Be7 8. Nbd2 Ngf6 9. b3 Qc7 10. Bb2 O-O-O 11. a4 g5 12. Nxg5 Rhg8 13. Ngf3 Nh5 14. Bf1 Nf4 15. g3 Nf6 16. a5 b5 17. a6 Ba8 18. b4 c4 19. Ra5 Bc6 20. Bc1 e5 21. Nxc4 bxc4 22. Bxf4 exf4 23. d5 Bd7 24. Qd4 Nh5 25. e5 dxe5 26. Nxe5 Bd6 27. Nxd7 fxg3 28. Bh3 Nf4 29. Qxf4 gxh2+ 30. Kh1 Bxf4 31. Nc5+ Kb8 32. Rb5+ Ka8 33. Rb7 Qd6 34. Bg2 Rxg2 35. Kxg2 Qxd5+ 36. f3 Qd2+ 0-1


[Site "https://www.chess.com"]

[Event "Titled Tuesday Blitz October 19 2021"]
[White "Lazavik, Denis"]
[Black "Borsuk, Konstantin"]
[WhiteFideId "13515110"]
[BlackFideId "14113406"]
[WhiteElo "2436"]
[BlackElo "2397"]
[Result "1-0"]
[Round "09"]
[TimeControl "180+1"]
[Date "2021.10.19"]
[WhiteClock "0:02:32"]
[BlackClock "0:02:15"]

1. d4 Nf6 2. c4 e6 3. Nf3 b6 4. g3 Bb7 5. Bg2 g6 6. O-O Bg7 7. Bf4 O-O 8. Nc3 Ne4 9. Nb5 d6 10. Ng5 Nxg5 11. Bxb7 Nh3+ 12. Kh1 Nd7 13. Be3 a6 14. Nc3 Ra7 15. Bg2 Ng5 16. h4 1-0


[Site "https://www.chess.com"]

[Event "Titled Tuesday Blitz October 19 2021"]
[White "Le, Tuan Minh"]
[Black "Shipov, Sergei"]
[WhiteFideId "12401153"]
[BlackFideId "4113624"]
[WhiteElo "2450"]
[BlackElo "2798"]
[Result "1-0"]
[Round "09"]
[TimeControl "180+1"]
[Date "2021.10.19"]
[WhiteClock "0:00:10"]
[BlackClock "0:00:13"]

1. d4 d5 2. Nf3 e6 3. Bf4 Bd6 4. e3 c5 5. c3 Nf6 6. Nbd2 O-O 7. Bg3 Qc7 8. Bxd6 Qxd6 9. Ne5 Nc6 10. f4 Ne8 11. Bd3 g6 12. O-O f6 13. Nef3 Ng7 14. Qe2 Bd7 15. Kh1 Rae8 16. dxc5 Qxc5 17. e4 Nh5 18. g3 Qb6 19. Rab1 dxe4 20. Nxe4 Kg7 21. Rbd1 Qc7 22. Nh4 Bc8 23. Bc2 Re7 24. Qd2 b6 25. Qd6 Bb7 26. Qxc7 Rxc7 27. Kg1 Ne7 28. Rfe1 Bd5 29. Bb3 Kg8 30. Nf2 Ng7 31. Ng4 Bxb3 32. axb3 h5 33. Ne3 Kf7 34. Nf3 Ngf5 35. Nxf5 Nxf5 36. Rd3 Re8 37. Red1 e5 38. fxe5 fxe5 39. Ng5+ Kf6 40. Ne4+ Kg7 41. Kg2 Ree7 42. b4 b5 43. h4 Kh6 44. Rd5 Kg7 45. R1d3 a6 46. Rd8 Rf7 47. Nc5 Rce7 48. Ne4 Ra7 49. Re8 Rfe7 50. Rdd8 Ne3+ 51. Kf3 Ng4 52. Rg8+ Kf7 53. Ng5+ Kf6 54. Rdf8+ 1-0


[Site "https://www.chess.com"]

[Event "Titled Tuesday Blitz October 19 2021"]
[White "Moroni, Luca Jr"]
[Black "Materia, Marco"]
[WhiteFideId "865834"]
[BlackFideId "45150451"]
[WhiteElo "2491"]
[BlackElo "2602"]
[Result "1-0"]
[Round "09"]
[TimeControl "180+1"]
[Date "2021.10.19"]
[WhiteClock "0:01:43"]
[BlackClock "0:01:04"]

1. d4 Nf6 2. c4 e6 3. Nc3 Bb4 4. Nf3 O-O 5. e3 b6 6. Bd3 Bb7 7. O-O d5 8. cxd5 exd5 9. Ne5 Nbd7 10. f4 Bxc3 11. bxc3 Ne4 12. c4 Nxe5 13. fxe5 c5 14. Ba3 Re8 15. Qh5 Qc7 16. Rad1 cxd4 17. exd4 dxc4 18. Bc2 Bd5 19. Rf4 Qb7 20. Rdf1 Rad8 21. Bxe4 Bxe4 22. Rxf7 Bg6 23. Qxg6 hxg6 24. Rxb7 Rxd4 25. Bd6 c3 26. Rc7 Rd3 27. Rff7 Kh8 28. Rxg7 Rxd6 29. exd6 c2 30. Rge7 1-0


[Site "https://www.chess.com"]

[Event "Titled Tuesday Blitz October 19 2021"]
[White "Nakamura, Hikaru"]
[Black "Jobava, Baadur"]
[WhiteFideId "2016192"]
[BlackFideId "13601520"]
[WhiteElo "2884"]
[BlackElo "2731"]
[Result "1/2-1/2"]
[Round "09"]
[TimeControl "180+1"]
[Date "2021.10.19"]
[WhiteClock "0:00:14"]
[BlackClock "0:00:12"]

1. Nf3 d5 2. e3 c6 3. c4 Nf6 4. d4 Bf5 5. Nc3 e6 6. Nh4 Bg6 7. Nxg6 hxg6 8. Rb1 Nbd7 9. c5 g5 10. b4 g6 11. b5 Bg7 12. bxc6 bxc6 13. Qa4 Qc7 14. Bd3 e5 15. Bd2 O-O 16. O-O Rab8 17. Rxb8 Rxb8 18. Rb1 Rxb1+ 19. Nxb1 Nf8 20. Na3 Ne6 21. Nc2 exd4 22. exd4 Nf4 23. Bf1 Ne4 24. Be3 a5 25. Qb3 Ne6 26. Qb6 g4 27. a3 f5 28. Ba6 f4 29. Bc1 g3 30. Qxc7 gxf2+ 31. Kf1 Nxc7 32. Bb7 Kf7 33. Bxf4 Ne6 34. Be3 Nd8 35. Ba6 Ke6 36. Bd3 Nf7 37. Bxf2 Nxf2 38. Kxf2 g5 39. Kf3 Bf6 40. Kg4 Nh6+ 41. Kh5 Nf5 42. g4 Nxd4 43. Nxd4+ Bxd4 44. Kxg5 Bxc5 45. h4 Bxa3 46. h5 Kf7 47. Kf5 Bc1 48. g5 Bxg5 49. Kxg5 Kg7 50. Bc2 c5 51. h6+ Kh8 52. Kf6 c4 53. Ke5 a4 54. Bxa4 c3 55. Kxd5 c2 56. Bxc2 Kg8 57. h7+ Kh8 58. Ke6 Kg7 59. h8=Q+ Kxh8 1/2-1/2


[Site "https://www.chess.com"]

[Event "Titled Tuesday Blitz October 19 2021"]
[White "Nigmatov, Ortik"]
[Black "Arencibia Monduy, Antonio"]
[WhiteFideId "14202131"]
[BlackFideId "3507939"]
[WhiteElo "2346"]
[BlackElo "2547"]
[Result "1-0"]
[Round "09"]
[TimeControl "180+1"]
[Date "2021.10.19"]
[WhiteClock "0:00:57"]
[BlackClock "0:00:03"]

1. e4 e6 2. d4 d5 3. Nc3 dxe4 4. Nxe4 Nd7 5. Nf3 Ngf6 6. Ned2 Be7 7. g3 b6 8. Bg2 Bb7 9. O-O O-O 10. c4 c5 11. Nb3 cxd4 12. Nbxd4 Qc7 13. Qe2 Rfe8 14. Re1 a6 15. a3 Rac8 16. b3 Nc5 17. Bf4 Bd6 18. Bxd6 Qxd6 19. Rad1 Qc7 20. Qe5 Qxe5 21. Nxe5 Bxg2 22. Kxg2 Kf8 23. b4 Na4 24. b5 axb5 25. cxb5 Nc3 26. Rd3 Nfd5 27. Rc1 Na4 28. Ndc6 Nc5 29. Rf3 f6 30. Nc4 Rc7 31. Nxb6 Nxb6 32. Rxc5 Ra8 33. Rd3 Nd5 34. Nd4 Rxc5 35. Nxe6+ Ke7 36. Nxc5 Nb6 37. a4 Rc8 38. Rc3 Ra8 39. h4 Kd6 40. a5 Nd5 41. Rc1 Ke5 42. a6 Nb6 43. Rd1 Rc8 44. Nd7+ Nxd7 45. Rxd7 Rb8 46. Rb7 Ra8 47. a7 Kd6 48. b6 Kc6 49. Rb8 1-0


[Site "https://www.chess.com"]

[Event "Titled Tuesday Blitz October 19 2021"]
[White "Nogerbek, Kazybek"]
[Black "Matsenko, Andrei"]
[WhiteFideId "13710427"]
[BlackFideId "24146501"]
[WhiteElo "2436"]
[BlackElo "2179"]
[Result "0-1"]
[Round "09"]
[TimeControl "180+1"]
[Date "2021.10.19"]
[WhiteClock "0:00:08"]
[BlackClock "0:01:49"]

1. e4 c6 2. Nf3 d5 3. d3 g6 4. e5 Bg7 5. h3 f6 6. d4 fxe5 7. Nxe5 Nd7 8. Bf4 Nh6 9. Bd3 O-O 10. Qd2 Nf7 11. Nxf7 Rxf7 12. O-O e5 13. Bg5 Qb6 14. Nc3 e4 15. Nxe4 dxe4 16. Bc4 Qxd4 17. Qb4 Qc5 18. Bxf7+ Kxf7 19. Qb3+ Qd5 20. Qg3 h6 21. Be3 Nf6 22. Rad1 Qe6 23. Qc7+ Qe7 24. Qg3 Bf5 25. Bd4 Rd8 26. Bxa7 Nd5 27. Bd4 Bxd4 28. Rxd4 Nf4 29. Qxf4 Rxd4 30. g4 Qd6 31. Qxh6 Be6 32. Qh7+ Ke8 33. Qxg6+ Kd7 34. Re1 Qe5 35. c3 Ra4 36. a3 Bd5 37. g5 Ra8 38. Qh7+ Kd6 39. Re3 Rg8 40. h4 Rg7 41. Qh6+ Kc7 42. Qh5 Qf4 43. Qh6 Rf7 44. Re2 Qg4+ 45. Kf1 e3 46. g6 Qg2+ 47. Ke1 Qg1# 0-1


[Site "https://www.chess.com"]

[Event "Titled Tuesday Blitz October 19 2021"]
[White "Obolenskikh, Dmitry"]
[Black "Vallejo Diaz, Javier"]
[WhiteFideId "4156013"]
[BlackFideId "2256398"]
[WhiteElo "2541"]
[BlackElo "2663"]
[Result "1-0"]
[Round "09"]
[TimeControl "180+1"]
[Date "2021.10.19"]
[WhiteClock "0:00:28"]
[BlackClock "0:00:08"]

1. Nf3 d5 2. e3 Nf6 3. c4 c6 4. Nc3 e6 5. b3 Nbd7 6. Bb2 Be7 7. d4 b6 8. Bd3 Bb7 9. O-O O-O 10. Qe2 c5 11. cxd5 exd5 12. Ba6 Bxa6 13. Qxa6 cxd4 14. Nxd4 Nc5 15. Qe2 Rc8 16. Rfd1 Qc7 17. Nf5 Rfd8 18. Rac1 Qb7 19. Qf3 Bf8 20. h3 g6 21. Nd4 Bg7 22. Qe2 Nfe4 23. Ncb5 a6 24. Nc3 Nxc3 25. Rxc3 Ne4 26. Rxc8 Rxc8 27. Nf3 Bxb2 28. Qxb2 Rc3 29. Nd4 Qc7 30. a4 Qc5 31. Qe2 Rc1 32. Rxc1 Qxc1+ 33. Qf1 Qc8 34. f3 Nd6 35. Qd3 Qc1+ 36. Kh2 a5 37. Ne2 Qc5 38. Nf4 Nf5 39. Nxd5 Qd6+ 40. Kg1 Qc5 41. Kf2 h5 42. g4 hxg4 43. hxg4 Nd6 44. Nf6+ Kg7 45. Qxd6 Qc2+ 46. Kg3 Qc1 47. Ne4 Qg1+ 48. Kf4 Qh2+ 49. Ng3 Qh6+ 50. Ke4 Qh3 51. Qe5+ Kg8 52. Kd3 Qg2 53. Ne4 Qxf3 54. Nf6+ Kf8 55. g5 Qd1+ 56. Kc4 Qc2+ 57. Kb5 Qxb3+ 58. Ka6 Qxa4 59. Qd6+ Kg7 60. Qe7 Qc4+ 61. Kxb6 Qb3+ 62. Kxa5 Qa2+ 63. Kb6 Qb3+ 64. Kc7 Qc4+ 65. Kd8 Qd3+ 66. Nd7 Qf5 67. Qe5+ Qxe5 68. Nxe5 f6 69. Ng4 fxg5 70. Ke7 Kg8 71. e4 Kg7 72. e5 1-0


[Site "https://www.chess.com"]

[Event "Titled Tuesday Blitz October 19 2021"]
[White "Obregon, Andres Carlos"]
[Black "Dang, Hoang Son"]
[WhiteFideId "111724"]
[BlackFideId "12402435"]
[WhiteElo "2572"]
[BlackElo "2248"]
[Result "0-1"]
[Round "09"]
[TimeControl "180+1"]
[Date "2021.10.19"]
[WhiteClock "0:00:04"]
[BlackClock "0:00:05"]

1. d4 Nf6 2. Nf3 g6 3. g3 Bg7 4. Bg2 O-O 5. O-O d6 6. Nc3 Na6 7. e4 c5 8. d5 Nc7 9. a4 a6 10. Re1 Bg4 11. h3 Bxf3 12. Qxf3 Nd7 13. Qe2 b6 14. Be3 Qb8 15. f4 b5 16. Kh2 Qb7 17. Bf2 bxa4 18. Nxa4 Nb5 19. c3 Nb6 20. Nxb6 Qxb6 21. e5 Rfb8 22. e6 f5 23. g4 Rf8 24. Be3 Nc7 25. Qd2 a5 26. gxf5 Rxf5 27. Be4 Rh5 28. f5 Kh8 29. fxg6 Be5+ 30. Kg2 Rg8 31. Rf1 Qb7 32. Ra4 Rh4 33. Rf7 Nxe6 34. dxe6 Rxg6+ 35. Kf3 Rxe4 36. Rxe4 Rg3+ 37. Kf2 Qxe4 38. Rf8+ Kg7 39. Bh6+ Kg6 40. Rg8+ Kh5 41. Rxg3 Bxg3+ 42. Kxg3 Qg6+ 43. Kh2 Qxh6 44. Qe2+ Kg6 45. Qf2 Qg7 46. Qc2+ Kf6 47. Qe4 Qg6 48. Qa8 Kxe6 49. Qxa5 Qc2+ 50. Kg3 Qxb2 51. h4 Qd2 52. Qa3 Qe3+ 53. Kg2 Kf5 54. Qb3 Qe4+ 55. Kh3 Qf3+ 56. Kh2 Qe2+ 57. Kh3 Qe6 58. Qd1 Kf4+ 59. Kh2 Qe3 60. Qh5 Qf2+ 61. Kh3 Qf3+ 0-1


[Site "https://www.chess.com"]

[Event "Titled Tuesday Blitz October 19 2021"]
[White "Palchuk, Andrii"]
[Black "Kezin, Roman"]
[WhiteFideId "14176688"]
[BlackFideId "24124621"]
[WhiteElo "2322"]
[BlackElo "2557"]
[Result "0-1"]
[Round "09"]
[TimeControl "180+1"]
[Date "2021.10.19"]
[WhiteClock "0:00:20"]
[BlackClock "0:00:53"]

1. d4 d5 2. c4 e5 3. dxe5 d4 4. Nf3 Nc6 5. a3 Bg4 6. Nbd2 Qd7 7. b4 O-O-O 8. Bb2 f6 9. exf6 Nxf6 10. b5 Na5 11. Ne5 Qf5 12. Nf7 d3 13. Nxd8 Bc5 14. f3 Rxd8 15. g3 Bxf3 16. Nxf3 d2+ 17. Qxd2 Rxd2 18. Kxd2 Nb3+ 19. Kc3 Nxa1 20. Bxa1 Ne4+ 21. Kb3 Nf2 22. Rg1 Qb1+ 23. Bb2 Nd1 24. Bh3+ Kb8 0-1


[Site "https://www.chess.com"]

[Event "Titled Tuesday Blitz October 19 2021"]
[White "Salimova, Nurgyul"]
[Black "Yaksin, Oleg"]
[WhiteFideId "2915138"]
[BlackFideId "24105880"]
[WhiteElo "2071"]
[BlackElo "2256"]
[Result "1-0"]
[Round "09"]
[TimeControl "180+1"]
[Date "2021.10.19"]
[WhiteClock "0:00:04"]
[BlackClock "0:00:01"]

1. e4 c5 2. Nf3 d6 3. d4 cxd4 4. Nxd4 Nf6 5. Nc3 Nc6 6. Bg5 e6 7. Qd2 Be7 8. O-O-O Qb6 9. Ndb5 O-O 10. Nxd6 Rd8 11. Nxc8 Raxc8 12. Bd3 Nb4 13. Kb1 Qa5 14. a3 Nxd3 15. cxd3 Bxa3 16. Bxf6 gxf6 17. Na2 Qb6 18. d4 Rc4 19. Qe2 Rcxd4 20. Rxd4 Rxd4 21. Rc1 Kf8 22. Rc8+ Ke7 23. Nc3 Bxb2 24. Nb5 Rb4 25. Rc7+ Kd8 26. Qd2+ Bd4+ 27. Qxb4 Qxc7 28. Qf8+ 1-0


[Site "https://www.chess.com"]

[Event "Titled Tuesday Blitz October 19 2021"]
[White "Samadov, Read"]
[Black "Timofeev, Artyom"]
[WhiteFideId "13417444"]
[BlackFideId "4140419"]
[WhiteElo "2084"]
[BlackElo "2591"]
[Result "0-1"]
[Round "09"]
[TimeControl "180+1"]
[Date "2021.10.19"]
[WhiteClock "0:00:39"]
[BlackClock "0:01:57"]

1. d4 Nf6 2. c4 b6 3. Nc3 Bb7 4. Nf3 g6 5. Bg5 Bg7 6. e3 O-O 7. Be2 d6 8. O-O Nbd7 9. Qc2 h6 10. Bh4 g5 11. Bg3 e6 12. h3 Qe7 13. Rfd1 a6 14. b4 e5 15. dxe5 Nxe5 16. Nd4 Bc8 17. Nf5 Bxf5 18. Qxf5 Rfe8 19. Rac1 a5 20. b5 Ned7 21. Bf3 Rad8 22. Bc6 Rf8 23. Bxd7 Qxd7 24. Qxd7 Rxd7 25. f3 Nh5 26. Bf2 Bxc3 27. Rxc3 f5 28. Rd5 Re7 29. g4 Ng7 30. Kg2 Kh7 31. gxf5 Nxf5 32. e4 Ng7 33. h4 Ne6 34. Rd1 Nf4+ 35. Kh2 g4 36. fxg4 Ne2 37. Bd4 Nxc3 38. Bxc3 Rxe4 0-1


[Site "https://www.chess.com"]

[Event "Titled Tuesday Blitz October 19 2021"]
[White "Savchenko, Boris"]
[Black "Sanal, Vahap"]
[WhiteFideId "4147332"]
[BlackFideId "6300545"]
[WhiteElo "2526"]
[BlackElo "2492"]
[Result "1-0"]
[Round "09"]
[TimeControl "180+1"]
[Date "2021.10.19"]
[WhiteClock "0:01:36"]
[BlackClock "0:01:48"]

1. d4 d5 2. Nf3 Nf6 3. c4 c6 4. Nc3 e6 5. Qd3 dxc4 6. Qxc4 b5 7. Qd3 a6 8. g3 Bb7 9. Bg2 c5 10. Bg5 c4 11. Qc2 Be7 12. Rd1 h6 13. Bxf6 Bxf6 14. O-O Nd7 15. d5 e5 16. a4 Qb6 17. axb5 axb5 18. d6 O-O 19. Nd5 Qc5 20. Nxe5 Bxe5 21. Ne7+ Kh8 22. Bxb7 Ra7 23. Rd5 Qb4 24. Nc6 Qa4 25. Qxa4 Rxa4 26. Nxe5 Nf6 27. Rxb5 1-0


[Site "https://www.chess.com"]

[Event "Titled Tuesday Blitz October 19 2021"]
[White "Sawlin, Leonid"]
[Black "Kovalev, Vladislav"]
[WhiteFideId "4689542"]
[BlackFideId "13504398"]
[WhiteElo "2412"]
[BlackElo "2573"]
[Result "0-1"]
[Round "09"]
[TimeControl "180+1"]
[Date "2021.10.19"]
[WhiteClock "0:01:46"]
[BlackClock "0:00:14"]

1. e4 e5 2. Nf3 Nc6 3. Bc4 Nf6 4. d3 Bc5 5. O-O d6 6. Re1 a6 7. c3 h6 8. a4 O-O 9. Na3 Ba7 10. Nc2 Be6 11. Ba2 Bxa2 12. Rxa2 d5 13. exd5 Qxd5 14. c4 Qd6 15. b4 e4 16. dxe4 Bxf2+ 17. Kxf2 Nxe4+ 18. Kf1 Qxd1 19. Rxd1 Nc3 20. Ra3 Nxd1 21. Ke2 Rad8 22. Nd2 Ne5 23. Kxd1 Nxc4 24. Rc3 b5 25. axb5 axb5 26. Ke2 Rfe8+ 27. Ne3 Nxe3 28. Rxe3 Rxe3+ 29. Kxe3 Re8+ 30. Kd3 Re1 31. Bb2 Rg1 32. g3 Rg2 33. Be5 c6 34. Nf3 f6 35. Bd6 Kf7 36. Bc5 g5 37. Ke4 Kg6 38. Nd4 Rxh2 39. Nxc6 h5 40. Ne7+ Kf7 41. Nd5 h4 42. gxh4 Rxh4+ 43. Kf5 Rh1 44. Nxf6 Rf1+ 45. Kxg5 Rxf6 46. Kg4 Rf1 47. Kg3 Ke6 48. Kg2 Rf5 49. Kg3 Kd5 50. Kg4 Rf7 51. Kg5 Kc4 52. Kg4 Rf1 53. Kg3 Rb1 54. Kf3 Rxb4 55. Bd6 Rb3+ 56. Ke4 Rd3 57. Be5 b4 58. Bf6 b3 59. Be5 Rd2 60. Ke3 Rd5 61. Bb2 Rd1 62. Ke2 Rb1 63. Be5 b2 64. Kd2 Kb3 65. Bc3 Rd1+ 66. Kxd1 Kxc3 67. Ke2 b1=Q 68. Ke3 Qd3+ 69. Kf4 Kd4 70. Kg5 Qf1 71. Kg6 Ke5 72. Kg7 Ke6 73. Kh8 Qg2 74. Kh7 Kf6 75. Kh8 Qg7# 0-1


[Site "https://www.chess.com"]